Map: Ley Lines

Players

LiquidElazer (Elazer)

  • Race: Zerg Zerg
  • Spawn Location: 7:00

VITRyung (Ryung) - Winner!

  • Race: Terran Terran
  • Spawn Location: 1:00

Event: HomeStory Cup XXVI

VOD

Have the link to the VOD?

Description

Time

  • Played on: Nov. 30, 2024, 3:04 p.m.
  • Length: 10:50

All games in this series

Show
View Real Time Build Order
Export as new Build Order

LiquidElazer Zerg 

Build Orders: Hatch First 

Get SALT Encoding   

  12  0:00  Drone  
  13  0:08  Drone  
  13  0:14  Extractor  
  13  0:15  Drone  
  15  0:35  Hatchery  
  14  0:39  Drone, Extractor  
  15  0:45  Overlord  
  15  1:00  Spawning Pool  
  15  1:04  Drone  
  15  1:08  Drone  
  17  1:11  Drone  
  17  1:15  Drone  
  18  1:26  Drone  
  19  1:36  Drone  
  20  1:47  Queen x2  
  20  1:49  Drone  
  20  1:50  Drone  
  26  1:57  Drone, Overlord  
  27  2:08  Drone  
  27  2:14  Hatchery  
  27  2:17  Drone  
  27  2:19  Drone  
  29  2:27  Queen  
  31  2:30  Drone  
  31  2:33  Drone  
  31  2:36  Overlord  
  33  2:45  Drone x2  
  33  2:48  Extractor  
  34  2:52  Drone x2  
  34  2:55  Drone x3  
  34  2:56  Drone x2  
  34  2:58  Drone  
  42  3:04  Queen  
  44  3:11  Roach Warren  
  43  3:14  Overlord  
  43  3:16  Drone  
  44  3:22  Overlord  
  48  3:27  Drone x4  
  48  3:29  Drone x2  
  48  3:32  Drone  
  52  3:34  Drone  
  52  3:35  Drone  
  52  3:38  Overlord  
  52  3:41  Drone x2  
  55  3:47  Overlord  
  55  3:51  Evolution Chamber  
  55  3:54  Evolution Chamber  
  53  3:58  Drone x6  
  53  4:01  Overlord  
  59  4:03  Roach  
  59  4:04  Roach  
  59  4:08  Roach x2  
  68  4:12  Extractor x2  
  68  4:14  Drone  
  68  4:15  Drone x4  
  71  4:18  Drone x2  
  73  4:25  Lair  
  73  4:27  Drone x5  
  73  4:30  Overlord  
  78  4:34  Drone  
  78  4:37  Drone x3  
  82  4:41  Overlord  
  82  4:45  Extractor  
  81  4:47  Extractor x2  
  81  4:48  Drone x3  
  81  4:51  Drone x3  
  85  4:54  Zerg Ground Armor Level 1, Evolution Chamber  
  85  4:55  Overlord  
  85  4:57  Overlord  
  85  4:58  Spore Crawler  
  83  5:01  Drone  
  83  5:02  Spore Crawler  
  83  5:03  Spore Crawler, Drone  
  83  5:10  Roach x4  
  87  5:16  Roach x3  
  93  5:23  Zerg Missile Weapons Level 1  
  93  5:24  Glial Reconstitution  
  93  5:28  Roach x2  
  97  5:31  Overlord  
  97  5:34  Drone  
  97  5:36  Roach x5  
  103  5:43  Roach x3  
  103  5:44  Roach  
  103  5:48  Roach  
  103  5:49  Metabolic Boost  
  113  5:50  Overlord  
  113  5:51  Overlord  
  113  5:53  Roach x2  
  113  5:56  Roach x2  
  121  5:59  Overlord  
  121  6:03  Overlord  
  120  6:10  Ravager  
  120  6:11  Ravager  
  118  6:13  Ravager  
  118  6:15  Roach x4  
  123  6:20  Roach  
  123  6:21  Roach x2  
  123  6:25  Roach x3  
  127  6:30  Roach x4  
  129  6:33  Roach x2  
  129  6:36  Roach x2  
  137  6:43  Roach  
  130  6:50  Roach x5  
  136  6:56  Roach x5  
  136  6:59  Overlord  
  136  7:00  Overlord x4  
  138  7:15  Infestation Pit  
  137  7:17  Hatchery  
  137  7:19  Overlord  
  137  7:21  Drone x2  
  136  7:25  Roach x4  
  136  7:26  Roach  
  136  7:29  Zergling x4  
  149  7:30  Zergling x2  
  149  7:35  Zerg Missile Weapons Level 2, Zerg Melee Weapons Level 1  
  149  7:36  Ravager x3  
  152  7:39  Zergling x10  
  157  7:46  Drone  
  157  7:49  Zergling x6  
  157  7:50  Ravager x3  
  157  8:11  Zergling x2  
  157  8:12  Zergling x24  
  164  8:14  Hive  
  152  8:26  Roach x6  
  150  8:32  Roach x3  
  131  8:35  Roach  
  110  8:43  Roach x3  
  110  8:45  Roach x6  
  128  8:49  Ravager x4  
  128  8:52  Roach x2  
  128  8:55  Roach x3  
  142  9:02  Roach x4  
  150  9:08  Roach  
  150  9:09  Roach x2  
  131  9:19  Roach x9  
  131  9:23  Roach x2  
  132  9:26  Roach x2  
  132  9:30  Zergling x2  
  132  9:31  Zergling x6  
  123  9:34  Roach  
  123  9:37  Roach  
  125  9:38  Roach  
  125  9:42  Roach x4  
  125  9:45  Ravager x2  
  136  9:47  Roach  
  136  9:48  Queen  
  122  9:55  Roach x3  
  117  10:00  Roach x3  
  117  10:03  Roach  
  116  10:10  Roach x4  
  116  10:13  Ravager x3  
  125  10:16  Drone x3  
  128  10:21  Roach x2  
  128  10:22  Drone x5  
  129  10:28  Roach x3  
  129  10:30  Ravager x2  
Show
View Real Time Build Order
Export as new Build Order

VITRyung Terran - Winner!

Build Orders: 2 Factory, Reaper Expand 

Get SALT Encoding   

  12  0:00  SCV  
  13  0:12  SCV  
  14  0:16  Supply Depot  
  14  0:24  SCV  
  15  0:38  SCV  
  15  0:40  Barracks  
  16  0:44  Refinery  
  16  0:50  SCV  
  17  1:02  SCV  
  18  1:14  SCV  
  19  1:27  Reaper  
  19  1:28  Orbital Command  
  20  1:38  Command Center  
  20  1:47  Supply Depot  
  20  1:53  SCV  
  21  1:59  Marine  
  22  2:05  SCV  
  23  2:10  Factory  
  23  2:17  SCV  
  24  2:22  Barracks Reactor  
  24  2:29  SCV  
  25  2:38  Command Center  
  25  2:41  SCV  
  26  2:51  Orbital Command  
  26  2:53  SCV  
  27  3:00  Refinery  
  27  3:05  SCV  
  27  3:08  Hellion x2  
  27  3:12  Marine  
  32  3:17  SCV  
  32  3:18  SCV  
  35  3:20  Factory  
  35  3:29  Hellion  
  35  3:30  SCV x2  
  35  3:32  Hellion  
  41  3:34  Barracks Tech Lab  
  41  3:42  SCV x2  
  41  3:47  Factory  
  43  3:52  Orbital Command  
  43  3:56  SCV x2  
  43  4:00  Barracks Tech Lab  
  45  4:08  SCV x2  
  47  4:14  Cyclone  
  50  4:17  Refinery  
  50  4:18  Mag-Field Accelerator, Refinery  
  50  4:20  SCV x3  
  53  4:26  Supply Depot  
  53  4:32  SCV x3  
  53  4:38  Supply Depot  
  56  4:42  Cyclone  
  56  4:43  Hellion  
  61  4:48  SCV x2, Hellion  
  61  4:50  Cyclone  
  68  4:54  Supply Depot  
  68  4:55  SCV  
  68  4:58  Orbital Command, Supply Depot  
  69  5:00  SCV  
  69  5:03  Infernal Pre-Igniter  
  70  5:07  SCV  
  70  5:12  SCV, Hellion x2  
  76  5:16  Cyclone  
  76  5:19  SCV  
  80  5:21  Supply Depot  
  80  5:23  Supply Depot  
  80  5:24  SCV  
  80  5:25  Cyclone  
  80  5:26  SCV  
  85  5:31  SCV  
  86  5:36  SCV  
  86  5:38  Factory  
  86  5:39  SCV, Factory  
  86  5:42  Hellion  
  90  5:43  SCV  
  90  5:48  SCV, Cyclone  
  95  5:51  SCV  
  95  5:52  Supply Depot  
  95  5:54  Supply Depot  
  95  5:56  SCV  
  97  5:59  Cyclone, Hellion  
  97  6:00  SCV  
  97  6:03  Hellion  
  105  6:14  SCV x3  
  104  6:20  Cyclone, Hellion  
  104  6:24  Hellion  
  106  6:26  SCV x3, Factory Reactor, Factory Tech Lab  
  106  6:31  Cyclone  
  112  6:35  Refinery  
  112  6:36  Refinery  
  112  6:40  Command Center  
  106  6:50  SCV x3  
  106  6:51  Cyclone  
  106  6:52  Cyclone  
  116  6:54  Hellion x2  
  112  7:03  Cyclone  
  112  7:06  Hellion x2  
  119  7:10  Supply Depot  
  119  7:12  SCV  
  119  7:13  SCV  
  119  7:14  Engineering Bay  
  121  7:16  Supply Depot  
  119  7:23  Cyclone  
  119  7:24  Cyclone  
  119  7:25  Hellion  
  119  7:29  Hellion  
  125  7:32  Hellion x2  
  125  7:36  Cyclone  
  132  7:39  Factory  
  132  7:40  Factory  
  132  7:41  Supply Depot  
  132  7:42  Supply Depot, Factory  
  132  7:47  Supply Depot  
  132  7:49  SCV x3  
  135  7:55  Cyclone  
  135  7:57  Cyclone  
  141  8:03  Hellion x2  
  141  8:04  Hellion  
  144  8:08  Cyclone  
  143  8:15  SCV x3, Hellion  
  148  8:23  Factory Tech Lab x2  
  138  8:27  SCV x2  
  138  8:28  SCV, Cyclone  
  138  8:29  Cyclone  
  127  8:39  SCV  
  127  8:40  SCV, Cyclone  
  127  8:41  Orbital Command, Hellion x4  
  131  8:47  Cyclone x2, Factory Reactor  
  136  8:52  SCV x3  
  139  9:00  Hellion  
  141  9:04  SCV  
  141  9:06  Hellion x2  
  137  9:12  Cyclone x2  
  129  9:19  Cyclone  
  129  9:21  Cyclone x2  
  129  9:22  SCV x2  
  129  9:28  Hellion x2  
  130  9:32  SCV x2  
  130  9:34  SCV  
  130  9:35  Hellion x2  
  137  9:44  Armory x2  
  134  9:46  Cyclone  
  134  9:47  Cyclone  
  136  9:58  Cyclone x2  
  136  9:59  Cyclone, Hellion  
  135  10:05  SCV x3  
  135  10:08  SCV  
  135  10:09  Unknown  
  135  10:12  Hellion  
  138  10:16  Hellion  
  138  10:17  SCV, Hellion  
Tags
 
Add a new tag
Caveats
  • Supply blocks, unpowered buildings, or Contaminate may cause inaccurate times.
  • Supply counts are checked every 10 seconds.